[Event "1000GM Spring GM-B 2024"]
[Site "New York"]
[Date "2024.03.31"]
[Round "8.2"]
[White "Griffith, Kyron"]
[Black "Sinha, Sahil"]
[Result "1/2-1/2"]
[ECO "B56"]
[WhiteElo "2352"]
[BlackElo "2299"]
[Annotator "RC"]
[PlyCount "112"]
[EventDate "2024.03.26"]
[EventType "tourn"]
[EventCountry "USA"]
[SourceTitle "playchess.com"]
[Source "ChessBase"]
[SourceQuality "1"]
[TimeControl "5400+30"]

1. e4 c5 2. Nf3 d6 3. d4 cxd4 4. Nxd4 Nf6 5. Nc3 Nc6 6. f3 e5 7. Nb3 Be7 8. Be3 O-O 9. Qd2 a5 10. Bb5 Be6 11. O-O-O Na7 12. Bxa7 Rxa7 13. Qe3 Ra8 14. Kb1 Qc7 15. Rd3 Rfd8 16. Rhd1 Rac8 17. a4 h5 18. g3 g6 19. R1d2 Bf8 20. Nd5 Bxd5 21. exd5 Nd7 22. Rc3 Nc5 23. Nxc5 dxc5 24. g4 h4 25. Rc4 Bd6 26. Qh6 Bf8 27. Qxh4 Rd6 28. Qg5 Bg7 29. Qe3 b6 30. Re4 Qd8 31. c4 f5 32. gxf5 gxf5 33. Rxe5 Bxe5 34. Qxe5 Qf6 35. f4 Kf7 36. Rd3 Rh8 37. Qe2 Qh4 38. Bd7 Qe7 39. Be6+ Rxe6 40. dxe6+ Qxe6 41. Re3 Qd7 42. Qc2 Rh4 43. Rb3 Qe6 44. Qd2 Qe4+ 45. Ka2 Qxc4 46. Qd7+ Kg6 47. Ka3 Rxf4 48. Rxb6+ Kh5 49. Qh7+ Kg4 50. Qg6+ Kf3 51. Rb3+ Kf2 52. Qg3+ Kf1 53. Qh3+ Kf2 54. Qe3+ Kf1 55. Qh3+ Kf2 56. Qe3+ Kf1 1/2-1/2

[Event "1000GM Spring GM-B 2024"]
[Site "New York"]
[Date "2024.03.31"]
[Round "8.3"]
[White "Nagy, Gabor"]
[Black "Luo, Terry"]
[Result "1-0"]
[ECO "E72"]
[WhiteElo "2436"]
[BlackElo "2333"]
[Annotator "TA"]
[PlyCount "47"]
[EventDate "2024.03.26"]
[EventType "tourn"]
[EventCountry "USA"]
[SourceTitle "playchess.com"]
[Source "ChessBase"]
[SourceQuality "1"]
[TimeControl "5400+30"]

1. d4 Nf6 2. c4 g6 3. g3 Bg7 4. Bg2 O-O 5. Nc3 d6 6. h3 c6 7. e4 e5 8. Nge2 Nbd7 9. O-O a6 10. Be3 b5 (10... Re8 $11 {remains equal.}) 11. c5 $1 $16 dxc5 {[%emt 0:04:37] [#]} 12. dxe5 {[%emt 0:01:09] White is better.} ({Much weaker is} 12. dxc5 Qe7 $11) 12... Nxe5 13. Bxc5 Re8 14. Qxd8 Rxd8 15. f4 Nfd7 (15... Nd3 $142 16. Bb6 Re8) 16. Rad1 {[%emt 0:01:43] White is more active.} Re8 {[%emt 0:10:12] [#]} (16... Bb7 $16) 17. Bf2 $1 $18 Nc4 18. b3 Ncb6 19. e5 Bb7 20. Ne4 {[%emt 0:00:27] Nd6 is the strong threat.} Nd5 $2 (20... c5 {keeps fighting.} 21. Rd2 (21. Nxc5 Nxc5 22. Bxc5 Rab8 $18) 21... Ra7 22. Nxc5 (22. Bxc5 Nxc5 23. Nxc5 Bxg2 $16) 22... Bxg2 23. Kxg2 Nxc5) 21. Nd6 Reb8 22. Nd4 {[%emt 0:02:25] White is clearly winning.} N7b6 23. Nxb7 Rxb7 24. Nxc6 {[%emt 0:00:11] White took control after the opening.   Weighted Error Value: White=0.03 (flawless) /Black=0.37.  Mistake:       	---       	Black=4      OK:         	White=8     	Black=3      Best:        	White=2     	---        Strong:       	White=2     	---} 1-0

[Event "1000GM Spring GM-B 2024"]
[Site "New York"]
[Date "2024.03.31"]
[Round "8.4"]
[White "Girish, A. Koushik"]
[Black "Paragua, Mark"]
[Result "1/2-1/2"]
[ECO "D31"]
[WhiteElo "2499"]
[BlackElo "2451"]
[Annotator "RC"]
[PlyCount "23"]
[EventDate "2024.03.26"]
[EventType "tourn"]
[EventCountry "USA"]
[SourceTitle "playchess.com"]
[Source "ChessBase"]
[SourceQuality "1"]
[TimeControl "5400+30"]

1. d4 d5 2. c4 e6 3. Nc3 a6 4. cxd5 exd5 5. Bf4 Nf6 6. e3 Bd6 7. Bg3 O-O 8. Bd3 Be6 9. Nge2 c6 10. O-O Be5 11. Bf4 Bxf4 12. Ng3 1/2-1/2

[Event "1000GM Spring GM-B 2024"]
[Site "New York"]
[Date "2024.03.31"]
[Round "8.5"]
[White "Mandizha, Farai"]
[Black "Furfine, Jacob"]
[Result "1-0"]
[ECO "B81"]
[WhiteElo "2380"]
[BlackElo "2343"]
[Annotator "RC"]
[PlyCount "87"]
[EventDate "2024.03.26"]
[EventType "tourn"]
[EventCountry "USA"]
[SourceTitle "playchess.com"]
[Source "ChessBase"]
[SourceQuality "1"]
[TimeControl "5400+30"]

1. e4 c5 2. Nf3 e6 3. d4 cxd4 4. Nxd4 Nf6 5. Nc3 d6 6. g4 h6 7. Be3 Nc6 8. Rg1 a6 9. h4 d5 10. g5 hxg5 11. hxg5 Nxe4 12. Nxe4 dxe4 13. Nxc6 Qxd1+ 14. Rxd1 bxc6 15. Bg2 Rh4 16. Rh1 Rxh1+ 17. Bxh1 Bb7 18. Bxe4 Rd8 19. Rb1 Rd7 20. Ke2 c5 21. Bxb7 Rxb7 22. b3 f5 23. gxf6 gxf6 24. Rh1 Rf7 25. Rh4 Rc7 26. Rh8 Ke7 27. Kd3 c4+ 28. bxc4 Rc8 29. Rh7+ Kd6 30. Ra7 Rc6 31. f4 Rc7 32. Rxa6+ Kd7 33. f5 exf5 34. Rxf6 Be7 35. Rxf5 Kc6 36. a4 Rd7+ 37. Bd4 Bd8 38. c3 Kb7 39. Rb5+ Kc6 40. a5 Rc7 41. Rb8 Be7 42. Rb6+ Kd7 43. a6 Kc8 44. Be5 1-0

[Event "1000GM Spring GM-B 2024"]
[Site "New York"]
[Date "2024.04.01"]
[Round "9.1"]
[White "Furfine, Jacob"]
[Black "Eidelman, Gabriel"]
[Result "1-0"]
[ECO "B13"]
[WhiteElo "2343"]
[BlackElo "2374"]
[Annotator "RC"]
[PlyCount "95"]
[EventDate "2024.03.26"]
[EventType "tourn"]
[EventCountry "USA"]
[SourceTitle "playchess.com"]
[Source "ChessBase"]
[SourceQuality "1"]
[TimeControl "5400+30"]

1. d4 d5 2. Bf4 Nf6 3. e3 c5 4. Nc3 cxd4 5. exd4 a6 6. Bd3 Nc6 7. Nce2 Qb6 8. Rb1 Nb4 9. Nf3 Bg4 10. Ne5 e6 11. Nxg4 Nxg4 12. O-O Bd6 13. c3 Nxd3 14. Qxd3 O-O 15. Qg3 Bxf4 16. Qxg4 Bd6 17. f4 Rae8 18. Kh1 g6 19. Nc1 Qb5 20. Qd1 Qc4 21. a3 b5 22. Nd3 a5 23. Rf3 Rb8 24. Rc1 Qc7 25. g4 f6 26. Qe2 Rfe8 27. g5 Qe7 28. gxf6 Qxf6 29. b4 axb4 30. axb4 Qf5 31. Re1 Re7 32. Ra1 Qe4 33. Qf1 Rc7 34. Re1 Qf5 35. Nc5 Re7 36. Ra1 Bxc5 37. dxc5 e5 38. fxe5 Qxe5 39. Ra6 d4 40. Qd3 Qd5 41. Rd6 Qa2 42. Rf1 Re2 43. Rxg6+ hxg6 44. Qxg6+ Kh8 45. Qh6+ Kg8 46. Rg1+ Kf7 47. Rg7+ Ke8 48. Qh8+ 1-0

[Event "1000GM Spring GM-B 2024"]
[Site "New York"]
[Date "2024.03.31"]
[Round "9.2"]
[White "Paragua, Mark"]
[Black "Mandizha, Farai"]
[Result "1/2-1/2"]
[ECO "B85"]
[WhiteElo "2451"]
[BlackElo "2380"]
[Annotator "TA"]
[PlyCount "32"]
[EventDate "2024.03.26"]
[EventType "tourn"]
[EventCountry "USA"]
[SourceTitle "playchess.com"]
[Source "ChessBase"]
[SourceQuality "1"]
[TimeControl "5400+30"]

1. e4 c5 2. Nf3 d6 3. d4 cxd4 4. Nxd4 Nf6 5. Nc3 a6 6. Be2 e6 7. a4 Nc6 8. O-O Be7 9. Be3 O-O 10. f4 Qc7 11. Kh1 Re8 12. Bf3 Rb8 13. Qd2 Bf8 14. Qf2 Bd7 15. g4 {[%emt 0:00:30] [#] Hoping for g5.} e5 16. Nf5 exf4 {[%emt 0:00:30] White took control after the opening.   Weighted Error Value: White=0.00 (flawless) /Black=0.12 (very precise) .  OK:         	White=2     	---} 1/2-1/2

[Event "1000GM Spring GM-B 2024"]
[Site "New York"]
[Date "2024.03.31"]
[Round "9.3"]
[White "Luo, Terry"]
[Black "Girish, A. Koushik"]
[Result "1/2-1/2"]
[ECO "E08"]
[WhiteElo "2333"]
[BlackElo "2499"]
[Annotator "RC"]
[PlyCount "56"]
[EventDate "2024.03.26"]
[EventType "tourn"]
[EventCountry "USA"]
[SourceTitle "playchess.com"]
[Source "ChessBase"]
[SourceQuality "1"]
[TimeControl "5400+30"]

1. d4 Nf6 2. c4 e6 3. Nf3 d5 4. g3 Bb4+ 5. Bd2 Be7 6. Bg2 O-O 7. O-O Nbd7 8. Qc2 Ne4 9. Bf4 c6 10. Nc3 g5 11. Bc1 f5 12. b3 b6 13. Bb2 Bb7 14. Nxe4 dxe4 15. Ne5 Nxe5 16. dxe5 c5 17. Rad1 Qe8 18. f3 exf3 19. exf3 Qc6 20. f4 Qxg2+ 21. Qxg2 Bxg2 22. Kxg2 Rad8 23. Kf3 Kf7 24. Bc1 Kg6 25. Be3 h5 26. Rg1 Rh8 27. fxg5 Bxg5 28. Bf4 Be7 1/2-1/2

[Event "1000GM Spring GM-B 2024"]
[Site "New York"]
[Date "2024.03.31"]
[Round "9.4"]
[White "Sinha, Sahil"]
[Black "Nagy, Gabor"]
[Result "1/2-1/2"]
[ECO "D37"]
[WhiteElo "2299"]
[BlackElo "2436"]
[Annotator "TA"]
[PlyCount "30"]
[EventDate "2024.03.26"]
[EventType "tourn"]
[EventCountry "USA"]
[SourceTitle "playchess.com"]
[Source "ChessBase"]
[SourceQuality "1"]
[TimeControl "5400+30"]

1. d4 Nf6 2. c4 e6 3. Nc3 d5 4. Nf3 h6 5. Bf4 Bd6 6. Bg3 O-O 7. e3 Bxg3 8. hxg3 Qe7 9. Qc2 dxc4 {[%emt 0:00:47] The position is equal.} 10. Bxc4 c5 11. O-O cxd4 12. exd4 Qc7 13. Qe2 Nc6 14. Rac1 Bd7 15. Rfd1 Rac8 {[%emt 0:00:44] A rather calm draw.   Weighted Error Value: White=0.14 (very precise) /Black=0.04 (flawless) .  Inaccurate:     	White=1     	Black=1      OK:         	White=2     	Black=7} 1/2-1/2

[Event "1000GM Spring GM-B 2024"]
[Site "New York"]
[Date "2024.03.31"]
[Round "9.5"]
[White "Kaliksteyn, Alexander"]
[Black "Griffith, Kyron"]
[Result "1/2-1/2"]
[ECO "D14"]
[WhiteElo "2356"]
[BlackElo "2352"]
[Annotator "RC"]
[PlyCount "30"]
[EventDate "2024.03.26"]
[EventType "tourn"]
[EventCountry "USA"]
[SourceTitle "playchess.com"]
[Source "ChessBase"]
[SourceQuality "1"]
[TimeControl "5400+30"]

1. d4 d5 2. c4 c6 3. cxd5 cxd5 4. Nc3 Nf6 5. Nf3 Nc6 6. Bf4 a6 7. e3 Bf5 8. Bd3 Bxd3 9. Qxd3 e6 10. O-O Bd6 11. Bxd6 Qxd6 12. Rfc1 O-O 13. h3 Rfc8 14. a3 Rc7 15. Rc2 Rac8 1/2-1/2